 Dungeon Crawl Stone Soup version 0.31-a0-408-gb642c7f9a3 (webtiles) character file.

Game seed: 11078030322590298135

700 LeprechaunX the Ruffian (level 7, -12/41 HPs)
             Began as an Octopode Shapeshifter on July 30, 2023.
             Was a Follower of Hepliaklqana.
             Mangled by an ogre
             ... wielding a +0 giant club
              (23 damage)
             ... on level 4 of the Dungeon.
             The game lasted 00:06:55 (3895 turns).

LeprechaunX the Ruffian (Octopode Shapeshifter)     Turns: 3895, Time: 00:06:56

Health: -12/41     AC:  1    Str: 18    XL:     7   Next: 65%
Magic:  0/10       EV: 14    Int: 10    God:    Hepliaklqana [*.....]
Gold:   232        SH:  0    Dex: 13    Spells: 8/10 levels left

rFire   . .          .
                       - Unarmed
rCold   + + .        (no shield)
rNeg    . . .        (helmet currently unavailable)
rPois   .            g - amulet of guardian spirit
rElec   .            h - ring of wizardry
rCorr   .            l - ring of protection from cold
SInv    .            o - ring of Dawn {rC+ Str+2}
Will    .....        (no ring)
Stlth   ++           (no ring)
HPRegen 0.26/turn    (no ring)
MPRegen 0.12/turn    (no ring)
                     (no ring)

%: guardian spirit, wizardry (x1)
@: beast-form
A: beast (slay +2), reduced essence, almost no armour, amphibious, 8 rings,
camouflage 1, gelatinous body 1, (nimble swimmer 1), tentacles
a: Begin Untransformation, Renounce Religion, Recall Ancestor, Ancestor Identity


You were on level 4 of the Dungeon.
You worshipped Hepliaklqana.
Hepliaklqana was aware of your devotion.
You were a hulking beast.
You visited 1 branch of the dungeon, and saw 6 of its levels.

You collected 232 gold pieces.

Inventory:

Jewellery
 g - an amulet of guardian spirit (around mantle)
 h - a ring of wizardry (left tentacle)
 l - a ring of protection from cold (right tentacle)
 o - the ring of Dawn (on tentacle) {rC+ Str+2}
   (You found it on level 5 of the Dungeon)

   [ring of protection from cold]

   Str:       It affects your strength (+2).
   rC:        It protects you from cold.
Talismans
 b - a beast talisman
Wands
 k - a wand of digging (6)
Scrolls
 c - 6 scrolls of identify {unknown}
 d - 2 scrolls of blinking {unknown}
 e - a scroll of immolation {unknown}
 f - 2 scrolls of revelation {unknown}
Potions
 a - 3 potions of brilliance {unknown}
 i - a potion of enlightenment {unknown}
 j - 2 potions of haste {unknown}
 m - a potion of heal wounds {unknown}
 n - a potion of attraction {unknown}


   Skills:
 + Level 3.4 Fighting
 + Level 3.8 Dodging
 * Level 5.7 Unarmed Combat
 + Level 2.2 Spellcasting
 + Level 4.0 Shapeshifting


You had 8 spell levels left.
You knew the following spells:

 Your Spells              Type           Power      Damage    Failure   Level
a - Wereblood             Tmut           1%         N/A       19%         2

Your spell library contained the following spells:

 Spells                   Type           Power      Damage    Failure   Level
 Summon Small Mammal      Summ           4%         N/A       12%         1
 Sublimation of Blood     Necr           1%         N/A       19%         2
 Call Canine Familiar     Summ           1%         N/A       34%         3
 Summon Guardian Golem    Hex/Summ       1%         N/A       34%         3
 Vhi's Electric Charge    Tloc/Air       2%         N/A       34%         3
 Arcjolt                  Conj/Air       0%         1d10      96%         5
 Plasma Beam              Fire/Air       0%         2x1d10    100%        6
 Summon Hydra             Summ           0%         N/A       100%        7


Dungeon Overview and Level Annotations

Branches:
Dungeon (6/15)             Temple (0/1) D:5

Altars:
Gozag
Hepliaklqana
Okawaru
Wu Jian

Shops:
D:1 :?


Innate Abilities, Weirdness & Mutations

You are a hulking beast.
Your limbs bulge with bestial killing power. (Slay +2)
Your life essence is reduced to manifest your ancestor. (-10% HP)
You cannot wear most types of armour.
You are amphibious.
You can wear up to eight rings at the same time.
Your skin changes colour to match your surroundings (Stealth+).
Your rubbery body absorbs attacks. (AC +1, EV +1)
((You are camouflaged when in or above water. (Stealth+)))
You have tentacles for arms and can constrict up to eight enemies at once.


Message History

You tentacle-slap the ice beast but do no damage.
Your squeeze misses the ice beast.
The ice beast is heavily wounded.
The ice beast hits you but does no damage.
You tentacle-slap the ice beast.
The ice beast is severely wounded.
The ice beast barely misses you.
You closely miss the ice beast. You squeeze the ice beast!
The ice beast is almost dead.
The ice beast hits you. The ice beast freezes you. You resist.
You tentacle-slap the ice beast. x2; You feel a bit better.
You kill the ice beast!
You feel your dexterity returning.
Unknown command.
Your primal bloodlust is almost over.
Your primal bloodlust has ended.
The ufetubus attacks as you move away! The ufetubus closely misses you. x2
The ufetubus hits you. x2
The ufetubus barely misses you. x2
You see here a +0 club.
The ufetubus hits you. The ufetubus closely misses you.
The ufetubus attacks as you move away! The ufetubus hits you.
* * * LOW HITPOINT WARNING * * *
The ufetubus hits you.
* * * LOW HITPOINT WARNING * * *
The ufetubus misses you. The ufetubus completely misses you.
You miss the ufetubus. You grab the ufetubus. You constrict the ufetubus.
The ufetubus completely misses you.
The ufetubus hits you but does no damage.
The ufetubus completely misses you. The ufetubus barely misses you.
You tentacle-slap the ufetubus.
The ufetubus is almost dead.
You constrict the ufetubus.
You kill the ufetubus!
Unknown command.
The ogre attacks as you move away! The ogre barely misses you.
The ogre attacks as you move away!
The ogre hits you with a +0 giant club!!
Ouch! That really hurt!
You die...

############### ##......Oh.....#
##.....########.# ##..)[...## #.#
#### ###.........# #.# #...
#...........## #.# ##.##
##.#..........## #.# ##...#
###...........#..####.######.....
.....###.....##..#..........†..).
.....# ##...##.#.#.##.######....>


You could see an ogre.

Vanquished Creatures
  2 ice beasts
  A black bear (D:4)
  2 scorpions (D:3)
  An orc priest (D:5)
  An iguana (D:4)
  Terence (D:2)
  An orc wizard (D:4)
  3 gnolls (D:4)
  6 adders
  A shadow imp (D:5)
  A white imp (D:5)
  An ufetubus (D:4)
  A worm (D:2)
  A dart slug (D:1)
  4 orcs
  6 ball pythons
  6 bats
  4 endoplasms
  4 giant cockroaches
  8 goblins
  10 hobgoblins
  3 quokkas
  A frilled lizard (D:1)
  6 kobolds
  12 rats
87 creatures vanquished.

Vanquished Creatures (collateral kills)
  An orc wizard (D:5)
1 creature vanquished.

Vanquished Creatures (others)
  An ancestor (D:5)
1 creature vanquished.

Grand Total: 89 creatures vanquished

Notes
Turn   | Place    | Note
-------+----------+-------------------------------------------
     0 | D:1      | LeprechaunX the Octopode Shapeshifter began the quest for
                  | the Orb.
     0 | D:1      | Reached XP level 1. HP: 13/13 MP: 1/1
   146 | D:1      | Reached XP level 2. HP: 18/18 MP: 2/2
   434 | D:1      | Found Vabidd's Book Shoppe.
   528 | D:1      | Reached XP level 3. HP: 20/23 MP: 3/3
   660 | D:1      | Found The Oracle's Delphic Readings.
  1086 | D:2      | Reached XP level 4. HP: 28/29 MP: 4/4
  1651 | D:2      | Noticed Terence
  1656 | D:2      | Killed Terence
  1657 | D:2      | Reached skill level 4 in Unarmed Combat
  1780 | D:3      | Noticed a scorpion
  1852 | D:3      | Found an ornate altar of the Wu Jian Council.
  1876 | D:3      | Reached XP level 5. HP: 30/34 MP: 5/5
  2059 | D:3      | Found a hazy altar of Hepliaklqana.
  2072 | D:3      | Reached skill level 1 in Spellcasting
  2072 | D:3      | Reached XP level 6. HP: 40/41 MP: 7/7
  2079 | D:3      | Became a worshipper of Hepliaklqana the Forgotten
  2152 | D:3      | You fall into a shaft and drop 3 floors!
  2163 | D:5      | Entered Level 5 of the Dungeon
  2190 | D:5      | Found an iron altar of Okawaru.
  2840 | D:4      | Found an opulent altar of Gozag.
  2961 | D:4      | Reached * piety under Hepliaklqana
  3314 | D:5      | Found a staircase to the Ecumenical Temple.
  3344 | D:5      | Reached skill level 5 in Unarmed Combat
  3482 | D:5      | Noticed an ice beast
  3508 | D:5      | Killed an ice beast
  3509 | D:5      | Reached XP level 7. HP: 29/41 MP: 6/9
  3676 | D:5      | Identified the ring of Dawn {rC+ Str+2}
  3834 | D:4      | Learned a level 2 spell: Wereblood
  3895 | D:4      | Mangled by an ogre

Illustrated notes

Levels and vault maps discovered:
D:1:      dpeg_arrival_simpleton_c, layout_loops_ring, serial_shops,
          nicolae_shop_crystal, nicolae_nh_oracle_at_delphi
D:2:      layout_basic, uniq_terence
D:3:      layout_basic, nicolae_hepliaklqana_hazy_memory, lemuel_tele_altar,
          nicolae_twisty_statue_hallways
D:4:      layout_loops_ring, nicolae_gozag_seed_capital
D:5:      layout_loops_ring, mainiacjoe_overflow_paths,
          minmay_temple_entry_mist, minmay_fractal_squares_gapless_5
D:6:      layout_loops_corners

Skill      XL: |  1  2  3  4  5  6  7 |
---------------+----------------------+-----
Fighting       | 2 3 |  3.4
Unarmed Combat | 4 5 |  5.7
Dodging        | 3 |  3.8
Spellcasting   | 1 2 |  2.2
Shapeshifting  | 4 |  4.0

Action                     |  1- 3 |  4- 6 |  7- 9 || total
---------------------------+-------+-------+-------++-------
  Melee: Unarmed           |    64 |   103 |    18 ||   185
         Constrict         |    14 |    20 |     3 ||    37
         Tentacles         |     5 |    19 |     3 ||    27
         Punch             |     1 |     4 |     1 ||     6
   Cast: Wereblood         |       |       |     1 ||     1
 Invoke: Recall Ancestor   |       |       |     1 ||     1
    Use: Potion            |       |     3 |       ||     3
   Stab: Sleeping          |     2 |     4 |       ||     6
 Armour: Skin              |     2 |    19 |     2 ||    23
  Dodge: Dodged            |    29 |    51 |    25 ||   105

Table legend: (Time is in decaauts)
 A = Elapsed time spent in this place.
 B = Non-inter-level travel time spent in this place.
 C = Inter-level travel time spent in this place.
 D = Time resting spent in this place.
 E = Time spent auto-exploring this place.
 F = Levels seen in this place.
 G = Mean time per level.
                   A        B        C        D        E       F      G
               +--------+--------+--------+--------+--------+-----+--------+
         Total |   3881 |   3685 |    196 |    285 |   2700 |   6 |  646.8 |
       Dungeon |   3881 |   3685 |    196 |    285 |   2700 |   6 |  646.8 |
               +--------+--------+--------+--------+--------+-----+--------+

Top non-repeatable levels by time:
     D:2: 953 daAuts
     D:1: 857 daAuts
     D:4: 780 daAuts
     D:3: 652 daAuts
     D:5: 626 daAuts
     D:6: 10 daAuts
